 Dungeon Crawl Stone Soup version 0.27-a0-1188-g73eefd5def (webtiles) character file.

Game seed: 5101579463424229682

34 siradein the Cutter (level 3, 0/28 HPs)
             Began as a Vampire Gladiator on May 21, 2021.
             Succumbed to an adder's poison
             ... on level 2 of the Dungeon.
             The game lasted 00:01:26 (1089 turns).

siradein the Cutter (Vampire Gladiator)             Turns: 1089, Time: 00:01:27

Health: 0/28       AC:  4    Str: 13    XL:     3   Next: 14%
Magic:  3/3        EV: 12    Int: 10    God:
Gold:   31         SH:  0    Dex: 16    Spells: 2/2 levels left

rFire    . . .     SeeInvis +   a - +0 rapier
rCold    . . .     Faith    .   (no shield)
rNeg     . . .     Spirit   .   b - +0 leather armour
rPois    .         Reflect  .   c - +0 helmet
rElec    .         Harm     .   (no cloak)
rCorr    .         Rampage  .   (no gloves)
Will     .....                  (no boots)
Stlth    +.........             (no amulet)
HPRegen  0.29/turn              (no ring)
MPRegen  0.08/turn              (no ring)

@: lethally poisoned (0 -> -8), healing quickly
A: alive, fangs 3, see invisible, vampiric 2
a: Exsanguinate


You were on level 2 of the Dungeon.
You visited 1 branch of the dungeon, and saw 2 of its levels.

You collected 31 gold pieces.

Inventory:

Hand Weapons
 a - a +0 rapier (weapon)
Missiles
 d - 3 throwing nets (quivered)
Armour
 b - a +0 leather armour (worn)
 c - a +0 helmet (worn)
Jewellery
 e - a +4 ring of protection
Scrolls
 f - a scroll of teleportation {unknown}
 h - a scroll of acquirement {unknown}
Potions
 g - 2 potions of might {unknown}
 i - a potion of attraction {unknown}
 j - a potion of degeneration {unknown}
 k - a potion of curing {unknown}


   Skills:
 + Level 2.6 Fighting
 + Level 4.0 Short Blades
 - Level 1.5 Throwing
 - Level 3.2 Dodging


You had 2 spell levels left.
You didn't know any spells.
Your spell library was empty.

Dungeon Overview and Level Annotations

Branches:
Dungeon (2/15)

Altars:


Innate Abilities, Weirdness & Mutations

Your natural rate of healing is accelerated.
You have razor-sharp teeth.
You have supernaturally acute eyesight. (SInv)
You are afflicted with vampirism and can become a bat while bloodless.


Message History

You feel sick. The adder barely misses you.
You miss the adder.
The adder is moderately wounded.
You feel sick. The adder bites you.
You barely miss the adder.
The adder is moderately wounded.
You feel sick. The adder closely misses you. The adder bites you.
You barely miss the adder.
The adder is moderately wounded.
You feel sick. The adder bites you but does no damage.
You closely miss the adder.
The adder is moderately wounded.
You feel sick.
You are no longer poisoned.
The adder bites you.
You are too injured to fight recklessly!
You are too injured to fight recklessly!
You are too injured to fight recklessly!
You closely miss the adder.
The adder is moderately wounded.
The adder bites you.
You are poisoned.
The adder poisons you! The adder completely misses you.
You closely miss the adder.
The adder is moderately wounded.
You feel sick. The adder closely misses you.
You closely miss the adder.
The adder is moderately wounded.
You feel sick. The adder bites you.
* * * LOW HITPOINT WARNING * * *
You hit the adder. Your bite misses the adder.
The adder is almost dead.
* * * LOW HITPOINT WARNING * * *
You feel sick. The adder bites you.
* * * LOW HITPOINT WARNING * * *
You are more poisoned.
The adder poisons you!
You barely miss the adder.
The adder is almost dead.
You die...

... #..# ...## #. ?..#
#.# #..# # #.#
#./####..# . #.#
#.S).....# .### #.#
#?@# ..# #.# #..# #.#
#.#####<.####..
#.###..............
#####..................
................######.
#...............#
...##.###......##
##.##.###..(...#


You could see an adder.

Vanquished Creatures
  An adder (D:2)
  A dart slug (D:1)
  4 ball pythons
  2 endoplasms (D:1)
  A giant cockroach (D:2)
  3 goblins
  2 hobgoblins
  2 quokkas
  2 bats (D:2)
  2 frilled lizards
  A kobold (D:2)
  2 rats
23 creatures vanquished.

Notes
Turn   | Place    | Note
-------+----------+-------------------------------------------
     0 | D:1      | siradein the Vampire Gladiator began the quest for the Orb.
     0 | D:1      | Reached XP level 1. HP: 16/16 MP: 1/1
   283 | D:1      | Reached XP level 2. HP: 22/22 MP: 2/2
   880 | D:2      | Found a faded altar of an unknown god.
   903 | D:2      | Reached skill level 4 in Short Blades
   903 | D:2      | Gained mutation: You are afflicted with vampirism and can
                  | become a bat while bloodless. [Vampire growth]
   903 | D:2      | Reached XP level 3. HP: 5/28 MP: 3/3
  1089 | D:2      | Succumbed to an adder's poison

Illustrated notes

Levels and vault maps discovered:
D:1:      wheals_arrival_linesprint, layout_basic
D:2:      layout_loops_ring, basic_ecumenical_altar, grunt_ministairs_4

Skill      XL: |  1  2 |
---------------+-------+-----
Fighting       | 2 |  2.6
Short Blades   | 4 |  4.0
Throwing       | |  1.5
Dodging        | |  3.2

Action                   || total
-------------------------++-------
Melee: Rapier            ||    76
       Bite              ||     6
Armor: Leather armour    ||    21
Dodge: Dodged            ||    44

Table legend: (Time is in decaauts)
 A = Elapsed time spent in this place.
 B = Non-inter-level travel time spent in this place.
 C = Inter-level travel time spent in this place.
 D = Time resting spent in this place.
 E = Time spent auto-exploring this place.
 F = Levels seen in this place.
 G = Mean time per level.
                   A        B        C        D        E       F      G
               +--------+--------+--------+--------+--------+-----+--------+
         Total |   1089 |   1018 |     71 |      0 |    880 |   2 |  544.5 |
       Dungeon |   1089 |   1018 |     71 |      0 |    880 |   2 |  544.5 |
               +--------+--------+--------+--------+--------+-----+--------+

Top non-repeatable levels by time:
     D:1: 799 daAuts
     D:2: 289 daAuts
